 Dungeon Crawl Stone Soup version 0.31-a0-267-g3fc6992b3b (webtiles) character file.

Game seed: 16616405652265287697

103 qw the Shooter (level 4, -4/36 HPs)
             Began as a Minotaur Hexslinger on July 14, 2023.
             Blown up by Ijyb (17 damage)
             ... with a mindburst bolt
             ... on level 3 of the Dungeon.
             The game lasted 00:00:53 (1970 turns).

qw the Shooter (Minotaur Hexslinger)                Turns: 1970, Time: 00:00:53

Health: -4/36      AC:  3    Str: 12    XL:     4   Next: 51%
Magic:  4/4        EV: 12    Int: 10    God:
Gold:   16         SH:  5    Dex: 21    Spells: 4/5 levels left

rFire   . . .        Y - +1 sling
rCold   . . .        (no shield)
rNeg    . . .        d - +0 leather armour
rPois   .            (helmet restricted)
rElec   .            (no cloak)
rCorr   .            (no gloves)
SInv    .            (no boots)
Will    .....        f - amulet of reflection
Stlth   ++           b - +6 ring of dexterity
HPRegen 0.26/turn    (no ring)
MPRegen 0.09/turn

%: reflection
@: no status effects
A: horns 2, retaliatory headbutt
a: no special abilities


You were on level 3 of the Dungeon.
You visited 1 branch of the dungeon, and saw 3 of its levels.

You collected 128 gold pieces.
You spent 112 gold pieces at shops.


Innate Abilities, Weirdness & Mutations

You have a pair of horns on your head.
You reflexively headbutt those who attack you in melee.


   Skills:
 + Level 2.2 Fighting
 - Level 5.0 Ranged Weapons
 - Level 2.1 Dodging
 - Level 1.0 Spellcasting
 - Level 2.0 Hexes


You had 4 spell levels left.
You knew the following spells:

 Your Spells              Type           Power      Damage    Failure   Level
a - Slow                  Hex            16%        N/A       19%         1

Your spell library contained the following spells:

 Spells                   Type           Power      Damage    Failure   Level
 Inner Flame              Hex/Fire       2%         N/A       65%         3
 Portal Projectile        Hex/Tloc       4%         N/A       65%         3
 Cause Fear               Hex            2%         N/A       88%         4

Inventory:

Hand Weapons
 Y - a +1 sling (weapon)
Armour
 d - a +0 leather armour (worn)
Jewellery
 b - a +6 ring of dexterity (left hand)
 f - an amulet of reflection (around neck)
Scrolls
 c - a scroll of teleportation
 g - a scroll of revelation {unknown}
 h - a scroll of noise {unknown}
 j - 4 scrolls of identify
 k - a scroll of butterflies {unknown}
Potions
 a - a potion of invisibility {unknown}
 e - a potion of mutation {unknown}
 i - a potion of haste {unknown}

Dungeon Overview and Level Annotations

Branches:
Dungeon (3/15)

Altars:
Sif Muna

Shops:
D:3 ?

Annotations:
D:3 Ijyb


Message History

1942 ||| FLEEEEING.
Ijyb zaps a wand.
You barely resist.
1943 ||| FLEEEEING.
1944 ||| FLEEEEING.
1945 ||| FLEEEEING.
1946 ||| FLEEEEING.
1947 ||| FLEEEEING.
You hear a shout!
1948 ||| FLEEEEING.
1949 ||| STILL FLEEEEING.
1950 ||| STILL FLEEEEING.
1951 ||| STILL FLEEEEING.
The gnoll shouts!
1952 ||| STILL FLEEEEING.
1953 ||| STILL FLEEEEING.
1954 ||| STILL FLEEEEING.
1955 ||| STILL FLEEEEING.
1956 ||| STILL FLEEEEING.
The gnoll shouts!
1957 ||| STILL FLEEEEING.
You start resting.
Ijyb is nearby!
You shoot a sling bullet. The sling bullet closely misses Ijyb.
The gnoll shouts!
You shoot a sling bullet. The sling bullet barely misses Ijyb.
Ijyb zaps a wand.
Your mind is blasted!
1961 ||| FLEEEEING.
Ijyb zaps a wand.
Your mind is blasted!
1962 ||| FLEEEEING.
1963 ||| FLEEEEING.
Ijyb zaps a wand.
Your mind is blasted!
1964 ||| FLEEEEING.
1965 ||| FLEEEEING.
1966 ||| FLEEEEING.
1967 ||| FLEEEEING.
1968 ||| FLEEEEING.
1969 ||| FLEEEEING.
1970 ||| FLEEEEING.
Ijyb zaps a wand.
Your mind is blasted!
You die...

####.7###..#.
#..7.\.7#....
#.##.7..#....
#.##.##.#....
#.##....)....
#########.#####.#%#.#
#.........#####.#....
#.#.#####........##.#
#...@................
#..~~~~~~~~~~~~~~~~~.
#..~~~~~~~~~~~~~~~~~.
#..~~####.....####~~.
#..~~#g.#8###8#g.#~~%
#..~~#8g###.###.8#~~.
#..~~#g...... ..#~~.
#.g~~###.# +##
#..~~..#g#


You could see Ijyb and 3 gnolls.

Vanquished Creatures
  4 adders
  3 dart slugs (D:2)
  An orc (D:3)
  4 ball pythons
  6 bats
  6 endoplasms
  4 giant cockroaches
  5 hobgoblins
  3 quokkas
  8 frilled lizards
  7 goblins
  2 kobolds (D:1)
  6 rats
59 creatures vanquished.

Notes
Turn   | Place    | Note
-------+----------+-------------------------------------------
     0 | D:1      | qw the Minotaur Hexslinger began the quest for the Orb.
     0 | D:1      | Reached XP level 1. HP: 16/16 MP: 1/1
     0 | D:1      | 0 ||| qw: Version: 0.3-a-52-g30416fa
     0 | D:1      | 0 ||| qw: Game counter: 7867
     0 | D:1      | 0 ||| qw: Melee chars always use a shield: true
     0 | D:1      | 0 ||| qw: God list: Okawaru
     0 | D:1      | 0 ||| qw: Allow faded altars: false
     0 | D:1      | 0 ||| qw: Do Orc after clearing Dungeon:15 true
     0 | D:1      | 0 ||| qw: Do second Lair branch before Depths: true
     0 | D:1      | 0 ||| qw: Lair rune preference: random
     0 | D:1      | 0 ||| qw: Goals: Normal
     0 | D:1      | 0 ||| PLANNING D:1-11
    63 | D:1      | Reached skill level 3 in Ranged Weapons
    79 | D:1      | Reached XP level 2. HP: 23/23 MP: 2/2
   601 | D:1      | Reached XP level 3. HP: 29/29 MP: 3/3
   686 | D:1      | 686 ||| UPGRADING to +0 leather armour.
   696 | D:1      | 696 ||| DROPPING +0 robe.
   697 | D:1      | 697 ||| UPGRADING to amulet of reflection.
   702 | D:1      | 702 ||| READING scroll labelled SYQAUGAGH.
   703 | D:1      | 703 ||| READING scroll labelled YKU ZUNYACS.
   704 | D:1      | 704 ||| DROPPING scroll of poison.
   792 | D:2      | Identified the staff "Dekhooge" {rElec rF+ rC+ Str+2 Air}
  1020 | D:2      | Reached skill level 4 in Ranged Weapons
  1234 | D:2      | 1234 ||| FLEEEEING.
  1235 | D:2      | 1235 ||| STAIRDANCE
  1249 | D:1      | 1249 ||| UPGRADING to +6 ring of dexterity.
  1250 | D:1      | 1250 ||| READING 2 scrolls labelled ZECZOFOGIU.
  1254 | D:1      | 1254 ||| READING scroll labelled NAD BADYRGHEB.
  1255 | D:1      | 1255 ||| DRINKING 2 viscous puce potions.
  1302 | D:1      | 1302 ||| DROPPING potion of lignification.
  1379 | D:2      | Reached XP level 4. HP: 36/36 MP: 4/4
  1619 | D:3      | Found a shimmering blue altar of Sif Muna.
  1748 | D:3      | Found Ojuuwysch's Magic Scroll Shop.
  1751 | D:3      | Reached skill level 5 in Ranged Weapons
  1759 | D:3      | 1759 ||| BUYING scroll of identify (28 gold).
  1759 | D:3      | Bought a scroll of identify for 28 gold pieces
  1759 | D:3      | 1759 ||| BUYING scroll of identify (28 gold).
  1759 | D:3      | Bought a scroll of identify for 28 gold pieces
  1759 | D:3      | 1759 ||| BUYING scroll of identify (28 gold).
  1759 | D:3      | Bought a scroll of identify for 28 gold pieces
  1759 | D:3      | 1759 ||| BUYING scroll of identify (28 gold).
  1759 | D:3      | Bought a scroll of identify for 28 gold pieces
  1899 | D:3      | Noticed Ijyb
  1901 | D:3      | 1901 ||| FLEEEEING.
  1902 | D:3      | 1902 ||| FLEEEEING.
  1903 | D:3      | 1903 ||| FLEEEEING.
  1904 | D:3      | 1904 ||| FLEEEEING.
  1905 | D:3      | 1905 ||| FLEEEEING.
  1906 | D:3      | 1906 ||| FLEEEEING.
  1907 | D:3      | 1907 ||| FLEEEEING.
  1908 | D:3      | 1908 ||| FLEEEEING.
  1909 | D:3      | 1909 ||| FLEEEEING.
  1910 | D:3      | 1910 ||| FLEEEEING.
  1911 | D:3      | 1911 ||| FLEEEEING.
  1912 | D:3      | 1912 ||| FLEEEEING.
  1918 | D:3      | 1918 ||| FLEEEEING.
  1919 | D:3      | 1919 ||| FLEEEEING.
  1920 | D:3      | 1920 ||| FLEEEEING.
  1921 | D:3      | 1921 ||| FLEEEEING.
  1922 | D:3      | 1922 ||| FLEEEEING.
  1923 | D:3      | 1923 ||| FLEEEEING.
  1928 | D:3      | 1928 ||| FLEEEEING.
  1929 | D:3      | 1929 ||| FLEEEEING.
  1930 | D:3      | 1930 ||| FLEEEEING.
  1931 | D:3      | 1931 ||| FLEEEEING.
  1932 | D:3      | 1932 ||| FLEEEEING.
  1933 | D:3      | 1933 ||| FLEEEEING.
  1934 | D:3      | 1934 ||| FLEEEEING.
  1935 | D:3      | 1935 ||| FLEEEEING.
  1936 | D:3      | 1936 ||| FLEEEEING.
  1937 | D:3      | 1937 ||| FLEEEEING.
  1938 | D:3      | 1938 ||| FLEEEEING.
  1939 | D:3      | 1939 ||| FLEEEEING.
  1940 | D:3      | 1940 ||| FLEEEEING.
  1941 | D:3      | 1941 ||| FLEEEEING.
  1942 | D:3      | 1942 ||| FLEEEEING.
  1943 | D:3      | 1943 ||| FLEEEEING.
  1944 | D:3      | 1944 ||| FLEEEEING.
  1945 | D:3      | 1945 ||| FLEEEEING.
  1946 | D:3      | 1946 ||| FLEEEEING.
  1947 | D:3      | 1947 ||| FLEEEEING.
  1948 | D:3      | 1948 ||| FLEEEEING.
  1961 | D:3      | 1961 ||| FLEEEEING.
  1962 | D:3      | 1962 ||| FLEEEEING.
  1963 | D:3      | 1963 ||| FLEEEEING.
  1964 | D:3      | 1964 ||| FLEEEEING.
  1965 | D:3      | 1965 ||| FLEEEEING.
  1966 | D:3      | 1966 ||| FLEEEEING.
  1967 | D:3      | 1967 ||| FLEEEEING.
  1968 | D:3      | 1968 ||| FLEEEEING.
  1969 | D:3      | 1969 ||| FLEEEEING.
  1970 | D:3      | 1970 ||| FLEEEEING.
  1970 | D:3      | Blown up by Ijyb

Levels and vault maps discovered:
D:1:      minmay_arrival_doors, layout_loops_ring, amcnicky_mini_pool_small
D:2:      layout_loops_corners, minmay_domino_4
D:3:      layout_loops_corners, mainiacjoe_overflow_paths,
          gammafunk_ghost_gnarly_gnolls, basic_ecumenical_altar, serial_shops,
          nicolae_shop_trees, uniq_ijyb, uniq_robin

Skill      XL: |  1  2  3  4 |
---------------+-------------+-----
Ranged Weapons | 3 4 5 |  5.0
Fighting       | 2 |  2.2
Dodging        | |  2.1
Spellcasting   | |  1.0
Hexes          | |  2.0

Action                     |  1- 3 |  4- 6 || total
---------------------------+-------+-------++-------
   Fire: Sling             |   114 |    31 ||   145
    Use: Scroll            |     4 |       ||     4
         Potion            |     1 |       ||     1
 Armour: Robe              |     5 |       ||     5
         Leather armour    |     1 |     1 ||     2
  Dodge: Dodged            |    22 |    16 ||    38
  Block: Other             |     3 |     3 ||     6
         Reflection        |     1 |       ||     1

Table legend:
 A = Non-vault XP
 B = Vault XP
 C = Vault XP percentage of total XP
 D = Non-vault monster count
 E = Vault monster count
 F = Vault count percentage of total count
                 A         B        C        D         E       F
            +---------+---------+-------+---------+---------+-------
      Total |     129 |      19 |  12.8 |      55 |       4 |   6.8
            +---------+---------+-------+---------+---------+-------
        D:1 |      41 |       0 |   0.0 |      26 |       0 |   0.0
        D:2 |      45 |      19 |  29.7 |      18 |       4 |  18.2
        D:3 |      43 |       0 |   0.0 |      11 |       0 |   0.0
            +---------+---------+-------+---------+---------+-------
